 Dungeon Crawl Stone Soup version 0.29-a0-542-g075992c915 (webtiles) character file.

Game seed: 9347300744819241699

21952 NateTC the Geomancer (level 12, -3/67 HPs)
             Began as a Gargoyle Earth Elementalist on June 4, 2022.
             Was an Elder of Hepliaklqana.
             Engulfed by a cloud of flame (26 damage)
             ... on level 1 of the Lair of Beasts.
             The game lasted 00:50:22 (14835 turns).

NateTC the Geomancer (Gargoyle Earth Elementalist) Turns: 14835, Time: 00:50:22

Health: -3/67      AC: 17    Str: 13    XL:     12   Next: 95%
Magic:  15/22      EV: 18    Int: 23    God:    Hepliaklqana [****..]
Gold:   762        SH:  0    Dex: 10    Spells: 6/24 levels left

rFire   . . .      SeeInvis .   s - staff of earth
rCold   . . .      Faith    .   (no shield)
rNeg    + . .      Spirit   .   b - +0 robe
rPois   ∞          Reflect  .   (no helmet)
rElec   +          Harm     +   B - +1 cloak
rCorr   +          Rampage  .   n - +1 pair of gloves
Will    .....                   k - +0 pair of boots "Geyl" {Harm rCorr Int+3}
Stlth   ++........              o - amulet of regeneration
HPRegen 1.01/turn               u - +4 ring of evasion
MPRegen 0.18/turn               (no ring)

@: studying 2 skills
A: reduced essence, sickness immunity, AC +8, negative energy resistance 1,
electricity resistance, torment resistance 1, petrification resistance
a: Renounce Religion, Recall Ancestor, Ancestor Identity, Transference, Idealise


You were on level 1 of the Lair of Beasts.
You worshipped Hepliaklqana.
Hepliaklqana was greatly pleased with you.
You visited 3 branches of the dungeon, and saw 14 of its levels.
You also visited: Sewer and Bailey.

You collected 762 gold pieces.

Inventory:

Missiles
 p - 23 stones
Armour
 b - a +0 robe (worn)
 k - the +0 pair of boots "Geyl" (worn) {Harm rCorr Int+3}
   (You found it in a sewer)

   Int:       It affects your intelligence (+3).
   rCorr:     It protects you from acid and corrosion.
   Harm:      It increases damage dealt and taken.
 n - a +1 pair of gloves (worn)
 B - a +1 cloak (worn)
Magical Staves
 s - a staff of earth (weapon)
Jewellery
 o - an amulet of regeneration (around neck)
 u - a +4 ring of evasion (left hand)
Wands
 l - a wand of flame (12)
 x - a wand of polymorph (7)
 y - a wand of charming (4)
Scrolls
 a - 2 scrolls of amnesia
 e - 9 scrolls of magic mapping
 h - 3 scrolls of teleportation
 i - 2 scrolls of blinking
 w - a scroll of poison
Potions
 c - 3 potions of lignification
 d - 2 potions of heal wounds
 f - a potion of invisibility
 g - 3 potions of curing
 j - 2 potions of cancellation
 m - 2 potions of berserk rage {unknown}
 q - 13 potions of ambrosia
 t - a potion of attraction {unknown}
 v - 2 potions of flight
 z - a potion of might {unknown}
 A - a potion of experience {unknown}


   Skills:
 + Level 8.6 Fighting
 + Level 5.7 Armour
 + Level 6.7 Dodging
 - Level 2.1 Stealth
 + Level 6.7 Spellcasting
 * Level 9.3 Conjurations
 - Level 5.5 Hexes
 - Level 1.0 Transmutations
 - Level 3.9 Air Magic
 * Level 13.3 Earth Magic
 - Level 3.7 Poison Magic


You had 6 spell levels left.
You knew the following spells:

 Your Spells              Type           Power      Damage    Failure   Level
a - Sandblast             Erth           100%       2d20      1%          1
b - Passwall              Tmut/Erth      47%        N/A       1%          2
c - Stone Arrow           Conj/Erth      100%       3d13      1%          3
d - Mephitic Cloud        Conj/Pois/Air  33%        N/A       2%          3
e - Inner Flame           Hex/Fire       20%        N/A       8%          3
f - Iron Shot             Conj/Erth      37%        9d7       12%         6

Your spell library contained the following spells:

 Spells                   Type           Power      Damage    Failure   Level
 Foxfire                  Conj/Fire      100%       2x1d9     1%          1
 Static Discharge         Conj/Air       38%        N/A       1%          2
 Tukima's Dance           Hex            33%        N/A       2%          3
 Conjure Flame            Conj/Fire      29%        6-21      3%          3
 Animate Armour           Summ/Erth      100%       N/A       4%          4
 Petrify                  Tmut/Erth      57%        N/A       4%          4
 Flame Wave               Conj/Fire      29%        2d8       12%         4
 Sticky Flame             Conj/Fire      29%        2d5       12%         4
 Ozocubu's Armour         Ice            7%         N/A       24%         3
 Yara's Violent Unravell  Hex/Tmut       11%        3d6       50%         5
 Animate Dead             Necr           7%         N/A       61%         4
 Dispel Undead            Necr           7%         3d8       61%         4
 Passage of Golubria      Tloc           7%         N/A       61%         4
 Blade Hands              Tmut           6%         N/A       80%         5
 Ozocubu's Refrigeration  Ice            3%         4d5       100%        7
 Infestation              Necr           3%         N/A       100%        8


Dungeon Overview and Level Annotations

Branches:
Dungeon (12/15)            Temple (1/1) D:5            Lair (1/6) D:11
    Orc (0/2) D:10          Sewer (visited)          Bailey (visited)

Altars:
Ashenzari
Cheibriados
Dithmenos
Elyvilon
Fedhas
Gozag
Hepliaklqana
Kikubaaqudgha
Makhleb
Nemelex Xobeh
Okawaru
Qazlal
Ru
Sif Muna
Trog
Uskayaw
Vehumet
Wu Jian
Xom
Yredelemnul
Zin
The Shining One

Shops:
D:3 ?

Annotations:
D:8 1 runed translucent door, benadryl's ghost, novice MeAr


Innate Abilities, Weirdness & Mutations

Your life essence is reduced to manifest your ancestor. (-10% HP)
You are immune to sickness and miasma.
Your stone body is resilient. (AC +8)
You are immune to poison.
You resist negative energy. (rN+)
You are resistant to electric shocks. (rElec)
You are resistant to unholy torment.
You are immune to petrification.


Message History

Aiming: Inner Flame (dangerous; 8% risk of failure)
Press: ? - help, Dir - move target, f - yak
Aim: a yak (chance to affect: 75%)
The yak is filled with an inner flame.
The yak gores you but does no damage. The yak gores you.
The yak gores you but does no damage.
Edmée hits the yak with a +0 flail!
Casting: Inner Flame (dangerous; 8% risk of failure)
Confirm with . or Enter, or press ? or * to list all spells.
You don't know that spell.
Casting: Inner Flame (dangerous; 8% risk of failure)
Confirm with . or Enter, or press ? or * to list all spells.
Aiming: Stone Arrow (safe; 1% risk of failure)
Press: ? - help, Shift-Dir - straight line, f/p - yak
Aim: a yak (inner flame, 87% to hit)
You feel a surge of power!
The stone arrow hits the yak!
Flame seeps out of the yak.
The yak is heavily wounded.
The yak misses you.
The yak is engulfed in blazing flames.
Flame seeps out of the yak.
The yak misses you. The yak gores you but does no damage.
Edmée hits the yak with a +0 flail!
Casting: Stone Arrow (safe; 1% risk of failure)
Confirm with . or Enter, or press ? or * to list all spells.
Aiming: Sandblast (safe; 1% risk of failure)
Press: ? - help, Shift-Dir - straight line, f/p - yak
Aim: a yak (almost dead, inner flame, 90% to hit)
You feel a surge of power!
The blast of sand hits the yak!!
p - 23 stones The yak explodes!
Edmée avoids your attack. The fiery explosion engulfs you!!
The fiery explosion engulfs the yak!!
The yak is severely wounded.
The fiery explosion engulfs the yak!!
You kill the yak!
You are engulfed in blazing flames.
The yak gores you.
The yak is engulfed in blazing flames.
You kill the yak!
The yak gores you.
You can't go down here!
You are engulfed in blazing flames.
You die...

#...P#............
#..........###.###
#...........# #
#..........#######
#.................
#.....##.......... #..
##....###..........
#8.8
#†YY...##.....#####
#.... ##@R..###...###
##... #†...###..##
#....####°§#÷.##..####
##.....#.#Y...........#
..........÷####.#.....#
#...#.........+....##
#.8.......8..†#...##
#.............+....#
#.....#.#.#.###.#.[..#


You could see the friendly Edmée the knight and 3 yaks.

Vanquished Creatures
  A hydra (Lair:1)
  4 two-headed ogres
  3 cane toads (Lair:1)
  2 komodo dragons
  A queen bee (D:10)
  2 trolls (D:10)
  2 polar bears
  3 blink frogs (Lair:1)
  3 centaur simulacra (D:11)
  26 yaks
  A shadow (D:10)
  Sigmund (D:6)
  A wraith (D:10)
  3 water moccasins
  2 acid dragons
  A black bear (D:5)
  7 orc warriors
  4 sky beasts
  An ogre (D:5)
  A wolf (D:11)
  12 centaurs
  4 kobold brigands
  2 gnoll sergeants (D:8)
  A necrophage (D:5)
  10 bullfrogs
  3 scorpions
  14 wights
  19 killer bees
  2 electric eels
  A howler monkey (D:9)
  3 jellies
  10 hounds
  An orc priest (D:5)
  A gnoll shaman (D:7)
  Jessica (D:2)
  Terence (D:3)
  An iguana (D:5)
  3 orc wizards
  Robin (D:4)
  13 gnolls
  10 adders
  A shadow imp (D:5)
  2 white imps
  An ufetubus (D:11)
  3 worms
  33 orcs
  7 bats
  17 endoplasms
  11 giant cockroaches
  13 goblins
  11 hobgoblins
  7 jackals
  26 kobolds
  5 quokkas
  17 ball pythons
  6 frilled lizards
  4 rats
346 creatures vanquished.

Vanquished Creatures (collateral kills)
  Snorg (D:11)
  A boulder beetle (D:11)
  Nergalle (D:11)
  Maurice (D:9)
  An unseen horror (D:11)
  Psyche (D:9)
  A hornet (D:9)
  A wraith (D:10)
  5 yaks
  An orc warrior (Bailey)
  2 centaurs (Bailey)
  A bullfrog (Lair:1)
  3 wights (D:8)
  9 killer bees (D:10)
  2 howler monkeys (D:9)
  2 gnolls (D:8)
  4 orcs (Bailey)
  4 kobolds
41 creatures vanquished.

Vanquished Creatures (others)
  2 knights
  An ancestor (D:6)
  2 fungi
  28 plants
33 creatures vanquished.

Grand Total: 420 creatures vanquished

Notes
Turn   | Place    | Note
-------+----------+-------------------------------------------
     0 | D:1      | NateTC the Gargoyle Earth Elementalist began the quest for
                  | the Orb.
     0 | D:1      | Reached XP level 1. HP: 10/10 MP: 3/3
   181 | D:1      | Reached XP level 2. HP: 15/15 MP: 3/5
   323 | D:1      | Reached skill level 1 in Conjurations
   324 | D:1      | Reached skill level 1 in Transmutations
   324 | D:1      | Reached skill level 4 in Earth Magic
   373 | D:1      | Found a faded altar of an unknown god.
   698 | D:1      | Reached XP level 3. HP: 19/19 MP: 4/6
   702 | D:1      | Learned a level 3 spell: Stone Arrow
  1058 | D:1      | Learned a level 2 spell: Passwall
  1132 | D:2      | Identified the +6 dagger of Tonamn {flame, rC- Will+ Dex+4
                  | Stlth+}
  1292 | D:2      | Noticed Jessica
  1304 | D:2      | Killed Jessica
  1305 | D:2      | Reached XP level 4. HP: 20/24 MP: 3/7
  2427 | D:3      | Found a glowing drain.
  2462 | D:3      | Reached skill level 5 in Earth Magic
  2463 | D:3      | Reached XP level 5. HP: 25/28 MP: 3/8
  2493 | Sewer    | Entered a sewer
  2912 | Sewer    | Reached skill level 6 in Earth Magic
  2912 | Sewer    | Reached XP level 6. HP: 16/32 MP: 2/9
  3166 | Sewer    | Got the Reference Book on Doomed Flight
  3173 | Sewer    | Identified the +0 pair of boots "Geyl" {Harm rCorr Int+3}
  3192 | Sewer    | Learned a level 3 spell: Mephitic Cloud
  3386 | D:3      | Found Byixzag's Magic Scroll Shoppe.
  3769 | D:3      | Noticed Terence
  3776 | D:3      | Killed Terence
  4468 | D:4      | Noticed Robin
  4588 | D:3      | Reached skill level 1 in Air Magic
  4855 | D:4      | Killed Robin
  4858 | D:4      | Reached skill level 7 in Earth Magic
  4858 | D:4      | Reached XP level 7. HP: 36/36 MP: 0/10
  5822 | D:4      | Found an ornate altar of the Wu Jian Council.
  6148 | D:5      | Entered Level 5 of the Dungeon
  6212 | D:5      | Reached skill level 8 in Earth Magic
  6295 | D:5      | Found a radiant altar of Vehumet.
  6302 | D:5      | Reached skill level 1 in Fighting
  6302 | D:5      | Reached skill level 1 in Poison Magic
  6302 | D:5      | Reached XP level 8. HP: 32/43 MP: 1/11
  6953 | D:5      | Found a staircase to the Ecumenical Temple.
  6988 | Temple   | Entered the Ecumenical Temple
  7214 | D:1      | Prayed at the altar of an unknown god.
  7214 | D:1      | Became a worshipper of Hepliaklqana the Forgotten
  7214 | D:1      | Reached * piety under Hepliaklqana
  7566 | D:6      | Reached skill level 9 in Earth Magic
  7834 | D:6      | Reached XP level 9. HP: 45/45 MP: 9/12
  7868 | D:6      | Noticed Sigmund
  7887 | D:6      | Killed Sigmund
  8166 | D:6      | Reached skill level 10 in Earth Magic
  8247 | D:6      | Found a broken altar of Ashenzari.
  8545 | D:6      | Learned a level 3 spell: Inner Flame
  8566 | D:7      | Reached ** piety under Hepliaklqana
  8567 | D:7      | Remembered your ancestor Edmée as a knight
  8586 | D:7      | Reached skill level 1 in Hexes
  9255 | D:8      | Reached skill level 5 in Fighting
  9255 | D:8      | Reached XP level 10. HP: 53/53 MP: 12/15
  9405 | D:8      | Found a sparkling altar of Nemelex Xobeh.
  9634 | D:8      | Noticed benadryl's ghost (novice MeAr)
  9635 | D:8      | Found a runed translucent door.
  9635 | D:8      | Identified the +8 spear of the Screaming King {flame,
                  | Dex+3}
  9779 | D:8      | Found a glowing silver altar of Zin.
  9938 | D:9      | Reached *** piety under Hepliaklqana
  9942 | D:9      | Identified the +4 dagger "Bemos" {freeze, Str+3}
 10070 | D:9      | Noticed Maurice
 10080 | D:9      | Killed Maurice
 10143 | D:9      | Found a flagged portal.
 10154 | Bailey   | Entered a bailey
 10452 | Bailey   | Reached skill level 5 in Hexes
 10523 | Bailey   | Reached skill level 5 in Dodging
 10916 | Bailey   | Learned a level 6 spell: Iron Shot
 11135 | D:9      | Reached XP level 11. HP: 59/59 MP: 14/18
 11326 | D:9      | Noticed Psyche
 11330 | D:9      | Killed Psyche
 11331 | D:9      | Reached skill level 5 in Conjurations
 11344 | D:9      | Reached skill level 5 in Spellcasting
 11717 | D:10     | Entered Level 10 of the Dungeon
 11945 | D:10     | Reached skill level 11 in Earth Magic
 12067 | D:10     | Noticed a two-headed ogre
 12069 | D:10     | Found a hazy altar of Hepliaklqana.
 12071 | D:10     | Killed a two-headed ogre
 12778 | D:10     | Found a staircase to the Orcish Mines.
 12986 | D:10     | Noticed a two-headed ogre
 12991 | D:10     | Killed a two-headed ogre
 13266 | D:11     | Noticed a two-headed ogre
 13270 | D:11     | Killed a two-headed ogre
 13271 | D:11     | Reached skill level 1 in Armour
 13294 | D:11     | Reached skill level 12 in Earth Magic
 13371 | D:11     | Found a staircase to the Lair.
 13423 | D:11     | Reached XP level 12. HP: 60/65 MP: 1/20
 13579 | D:11     | Noticed a boulder beetle
 13588 | D:11     | Killed a boulder beetle
 13743 | D:11     | Noticed Snorg
 13745 | D:11     | Noticed Nergalle
 13749 | D:11     | Killed Snorg
 13759 | D:11     | Killed Nergalle
 13828 | D:11     | Noticed a two-headed ogre
 13832 | D:11     | Killed a two-headed ogre
 14122 | D:11     | Reached **** piety under Hepliaklqana
 14404 | Lair:1   | Entered Level 1 of the Lair of Beasts
 14529 | Lair:1   | Noticed an eight-headed hydra
 14535 | Lair:1   | Killed an eight-headed hydra
 14536 | Lair:1   | Reached skill level 5 in Armour
 14536 | Lair:1   | Reached skill level 13 in Earth Magic
 14835 | Lair:1   | Engulfed by a cloud of flame

Illustrated notes

Levels and vault maps discovered:
D:1:      sevenhm_arrival_forest_fort_large_2, layout_loops_ring,
          shapermc_ecumenical_altar_pompeii
D:2:      layout_basic, minmay_pentomino_w2, uniq_jessica
D:3:      layout_loops_ring, serial_shops, nicolae_shop_advertising_works
          [nicolae_subvault_shop_adworks], gup_sewer_entry_glass,
          chequers_serial_rivers_micro_e, minmay_curled_crystal, uniq_terence
D:4:      layout_rooms, pdpol_wu_jian_five_deadly_venoms,
          chequers_serial_rivers_room_a, uniq_robin
D:5:      layout_gridville, nicolae_vehumet_altar_sigil,
          minmay_temple_entry_sparse_star
D:6:      layout_basic, ashenzari_altar_1, kennysheep_decorative_pillar,
          nrook_pool_corridor, kennysheep_generic_room_8, uniq_sigmund
D:7:      layout_cave_pools
D:8:      layout_rooms, zin_statuary, mainiacjoe_overflow_boulevard,
          ebering_ghost_funeral_grove
D:9:      layout_rooms, enter_bailey_6, uniq_maurice, uniq_psyche
D:10:     layout_roguey [special_room_bee], nicolae_hepliaklqana_hazy_memory,
          orc_0_dummy
D:11:     layout_cave_pools, david_lair_shrubbed, serial_ice, serial_ice_h,
          serial_ice_a, serial_ice_e, serial_ice_c, serial_ice_i, uniq_nergalle,
          uniq_snorg
D:12:     layout_irregular_city, minivault_16, minmay_shattered_shrine
Temple:   lightli_temple_of_artemis
Lair:1:   layout_small_grid, ebering_ghost_rock_garden, st_stairs_8,
          serial_bayou_shore_a, infiniplex_staircase_pool, grunt_megastairs_1

Skill      XL: |  1  2  3  4  5  6  7  8  9 10 11 12 |
---------------+-------------------------------------+-----
Conjurations   | 1 2 4 7 9 |  9.3
Transmutations | 1 |  1.0
Earth Magic    | 4 5 6 7 8 9 10 12 13 | 13.3
Air Magic      | 1 2 3 |  3.9
Fighting       | 1 3 5 6 7 8 |  8.6
Dodging        | 2 4 5 6 |  6.7
Poison Magic   | 1 2 3 |  3.7
Hexes          | 3 5 |  5.5
Spellcasting   | 3 4 5 6 |  6.7
Armour         | 2 5 |  5.7
Stealth        | |  2.1

Action                   |  1- 3 |  4- 6 |  7- 9 | 10-12 || total
-------------------------+-------+-------+-------+-------++-------
Melee: Unarmed           |     2 |    90 |    22 |       ||   114
       Punch             |       |     1 |       |     1 ||     2
       Staff             |       |       |     3 |    67 ||    70
 Cast: Sandblast         |    37 |    75 |    90 |   130 ||   332
       Stone Arrow       |       |    39 |    35 |   107 ||   181
       Inner Flame       |       |       |       |     8 ||     8
       Mephitic Cloud    |       |       |       |     3 ||     3
       Passwall          |       |       |       |     1 ||     1
Invok: Ancestor Life: Kn |       |       |     1 |       ||     1
       Recall Ancestor   |       |       |       |     1 ||     1
  Use: Scroll            |     3 |     5 |     6 |     5 ||    19
       Potion            |       |     1 |     1 |     1 ||     3
 Stab: Distracted        |       |       |       |     1 ||     1
       Confused          |       |       |       |     1 ||     1
Armor: Robe              |     4 |    89 |    32 |    74 ||   199
Dodge: Dodged            |    16 |   105 |    55 |   207 ||   383

Table legend: (Time is in decaauts)
 A = Elapsed time spent in this place.
 B = Non-inter-level travel time spent in this place.
 C = Inter-level travel time spent in this place.
 D = Time resting spent in this place.
 E = Time spent auto-exploring this place.
 F = Levels seen in this place.
 G = Mean time per level.
                   A        B        C        D        E       F      G
               +--------+--------+--------+--------+--------+-----+--------+
         Total |  14944 |  14411 |    533 |   5786 |   4583 |  16 |  934.0 |
       Dungeon |  13067 |  12549 |    518 |   5136 |   4064 |  12 | 1088.9 |
        Temple |    110 |     96 |     14 |      0 |     84 |   1 |  110.0 |
          Lair |    158 |    158 |      0 |     50 |      0 |   1 |  158.0 |
         Sewer |    767 |    767 |      0 |    440 |      0 |   1 |  767.0 |
        Bailey |    840 |    840 |      0 |    160 |    435 |   1 |  840.0 |
               +--------+--------+--------+--------+--------+-----+--------+

Top non-repeatable levels by time:
     D:3: 1967 daAuts
    D:10: 1508 daAuts
    D:11: 1477 daAuts
     D:4: 1248 daAuts
     D:1: 1219 daAuts
     D:5: 1205 daAuts
     D:2: 1188 daAuts
     D:9: 952 daAuts
     D:6: 921 daAuts
  Bailey: 840 daAuts
   Sewer: 767 daAuts
     D:7: 691 daAuts
     D:8: 684 daAuts
  Lair:1: 158 daAuts
  Temple: 110 daAuts
